 Dungeon Crawl Stone Soup version 0.32-a0-928-g1cae6b7ea0 (webtiles) character file.

Game seed: 8800235724044214809

434 Ahpoh the Slasher (level 7, -13/78 HPs)
             Began as a Coglin Gladiator on Apr 12, 2024.
             Mangled by an iguana (15 damage)
             ... on level 5 of the Dungeon.
             The game lasted 00:13:28 (4019 turns).

Ahpoh the Slasher (Coglin Gladiator)                Turns: 4019, Time: 00:13:29

Health: -13/78     AC: -10   Str: 14    XL:     7   Next: 0%
Magic:  7/7        EV:  7    Int:  8    God:
Gold:   152        SH:  0    Dex: 17    Spells: 6/6 levels left

rFire   . . .        a - +0 long sword {Narong}
rCold   . . .        f - +0 dagger {Helmut}
rNeg    . . .        i - +0 chain mail
rPois   .            c - +0 helmet
rElec   .            k - +0 cloak
rCorr   .            v - +0 pair of gloves
SInv    .            p - +0 pair of boots
Will    .....        (amulet unavailable) Stlth
                     (ring unavailable)
HPRegen 0.33/turn    (ring unavailable)
MPRegen 0.10/turn    (no gizmo)

%: no passive effects
@: berserking, corroded, revved, very quick
A: off-hand wielding, slow wielding, warmup strikes, no jewellery
a: Invent Gizmo


You were on level 5 of the Dungeon.
You visited 1 branch of the dungeon, and saw 5 of its levels.

You collected 152 gold pieces.

Inventory:

Hand Weapons
 a - a +0 long sword (weapon) {Narong}
 f - a +0 dagger (offhand) {Helmut}
Missiles
 d - 4 throwing nets
 n - 4 poisoned darts
Armour
 c - a +0 helmet (worn)
 i - a +0 chain mail (worn)
 k - a +0 cloak (worn)
 p - a +0 pair of boots (worn)
 v - a +0 pair of gloves (worn)
Wands
 r - a wand of polymorph (6)
Scrolls
 g - a scroll of identify
 j - a scroll of revelation
 o - 2 scrolls of teleportation
 q - a scroll of immolation
 s - a scroll of poison {unknown}
 t - a scroll of vulnerability {unknown}
 w - a scroll of torment {unknown}
 x - a scroll of summoning {unknown}
Potions
 b - a potion of heal wounds
 e - a potion of invisibility
 l - a potion of curing {unknown}
 m - a potion of brilliance


   Skills:
 * Level 3.2 Fighting
 * Level 5.0 Long Blades
 * Level 3.0 Throwing
 * Level 2.7 Armour
 * Level 3.5 Dodging
 - Level 0.1 Stealth


You had 6 spell levels left.
You didn't know any spells.
Your spell library was empty.

Dungeon Overview and Level Annotations

Branches:
Dungeon (5/15)
 Temple: D:4-7

Altars:


Innate Abilities, Weirdness & Mutations

You can wield a second weapon in your off-hand.
It takes a long time for you to wield or remove held weapons.
Your first few attacks do less damage.
You cannot equip rings or amulets.


Message History

You hit the jelly but do no damage.
Your graspers burn!
The jelly is heavily wounded.
You hit the jelly but do no damage. The acid corrodes you!
Your graspers burn!
* * * LOW HITPOINT WARNING * * *
The jelly hits you.
* * * LOW HITPOINT WARNING * * *
You are splashed with acid!
* * * LOW HITPOINT WARNING * * *
You feel much better. The jelly hits you.
You are splashed with acid!
* * * LOW HITPOINT WARNING * * *
Aiming: Polymorph
Press: ? - help, Q - select action, (/) - cycle Shift-Dir - straight line, f/p - jelly
Aim: a jelly (heavily wounded, will become an iguana, a swamp drake, or a frilled lizard, chance to affect: 57%)
The jelly evaporates and reforms as an iguana!
The iguana barely misses you.
A red film seems to cover your vision as you go berserk!
You feel yourself moving faster!
You feel mighty! The iguana bites you.
* * * LOW HITPOINT WARNING * * *
You barely miss the iguana with your +0 long sword.
The iguana is heavily wounded.
You hit the iguana but do no damage. You hit the iguana but do no damage.
The iguana is heavily wounded.
You hit the iguana but do no damage. The iguana barely misses you.
You barely miss the iguana with your +0 dagger.
The iguana is heavily wounded.
You hit the iguana but do no damage. The iguana bites you.
* * * LOW HITPOINT WARNING * * *
You hit the iguana but do no damage.
The iguana is heavily wounded.
You hit the iguana but do no damage. You hit the iguana but do no damage.
The iguana is heavily wounded.
You hit the iguana with your +0 dagger. The iguana bites you!
* * * LOW HITPOINT WARNING * * *
You hit the iguana with your +0 dagger.
The iguana is severely wounded.
You closely miss the iguana with your +0 long sword.
The iguana bites you!
You die...

...... #....# #..(.#
#....# #....#
#####....######
#.............#
#......l......#
#......@......#
#.............#
#........>(...#
##########.............#
..............##+####...
..............# ...
..............# ..
..............#
####......#+###


You could see an iguana.

Vanquished Creatures
  A phantom (D:5)
  2 scorpions
  A jelly (D:4)
  2 orc wizards (D:4)
  4 gnolls
  5 adders
  2 dart slugs
  A ribbon worm (D:5)
  2 orcs (D:4)
  7 ball pythons
  6 endoplasms
  2 giant cockroaches
  7 goblins
  6 hobgoblins
  3 jackals (D:4)
  3 quokkas
  5 bats
  A frilled lizard (D:1)
  10 kobolds
  4 rats
74 creatures vanquished.

Notes
Turn   | Place    | Note
-------+----------+-------------------------------------------
     0 | D:1      | Ahpoh the Coglin Gladiator began the quest for the Orb.
     0 | D:1      | Reached XP level 1. HP: 16/16 MP: 1/1
   407 | D:1      | Reached XP level 2. HP: 20/22 MP: 2/2
  1212 | D:2      | Reached XP level 3. HP: 24/27 MP: 3/3
  1279 | D:2      | Found Tolus's Antique Armour Boutique.
  2140 | D:2      | Reached skill level 1 in Armour
  2140 | D:2      | Reached XP level 4. HP: 26/34 MP: 4/4
  2213 | D:2      | Reached skill level 4 in Long Blades
  2944 | D:4      | Reached XP level 5. HP: 39/39 MP: 5/5
  3200 | D:4      | Reached XP level 6. HP: 44/46 MP: 6/6
  3813 | D:5      | Entered Level 5 of the Dungeon
  3977 | D:5      | Reached skill level 5 in Long Blades
  3977 | D:5      | Reached XP level 7. HP: 52/52 MP: 7/7
  4018 | D:5      | HP: 2/78 [iguana (7)]
  4019 | D:5      | Mangled by an iguana

Illustrated notes

Levels and vault maps discovered:
D:1:      dpeg_arrival_rhombi, layout_loops_ring, serial_forest,
          infiniplex_forest_side_room, infiniplex_forest_end_2,
          infiniplex_forest_corner_2, infiniplex_forest_lined_2,
          infiniplex_forest_zigzag_2, infiniplex_forest_lined_2,
          infiniplex_forest_straight_2, infiniplex_forest_clump_cross,
          infiniplex_forest_lined_2, infiniplex_forest_straight_2,
          minmay_misc_feat_ornament
D:2:      layout_rooms, serial_shops, shop
D:3:      layout_basic, dreamdust_ecumenical_altar_hidden_monk_grotto
D:4:      layout_loops_corners, temple_pool_b, chequers_serial_rivers_micro_d,
          chequers_avenue, minmay_unequal
D:5:      layout_gridville, amcnicky_altar_gilded

Skill      XL: |  1  2  3  4  5  6 |
---------------+-------------------+-----
Dodging        | 3 |  3.5
Armour         | 1 2 |  2.7
Long Blades    | 4 5 |  5.0
Throwing       | 2 3 |  3.0
Fighting       | 3 |  3.2
Stealth        | |  0.1

Action                     |  1- 3 |  4- 6 |  7- 9 || total
---------------------------+-------+-------+-------++-------
  Melee: Dagger            |    86 |    64 |    11 ||   161
         Long sword        |    91 |    73 |    11 ||   175
  Throw: Javelin           |    11 |    28 |     1 ||    40
  Evoke: Wand              |       |       |     1 ||     1
    Use: Scroll            |     5 |     3 |       ||     8
         Potion            |       |       |     3 ||     3
 Armour: Chain mail        |   109 |    74 |     9 ||   192
         Leather armour    |     3 |       |       ||     3
         Skin              |     1 |       |       ||     1
  Dodge: Dodged            |    54 |    20 |     4 ||    78

Table legend: (Time is in decaauts)
 A = Elapsed time spent in this place.
 B = Non-inter-level travel time spent in this place.
 C = Inter-level travel time spent in this place.
 D = Time resting spent in this place.
 E = Time spent auto-exploring this place.
 F = Levels seen in this place.
 G = Mean time per level.
                   A        B        C        D        E       F      G
               +--------+--------+--------+--------+--------+-----+--------+
         Total |   4046 |   3940 |    106 |    481 |   2405 |   5 |  809.2 |
       Dungeon |   4046 |   3940 |    106 |    481 |   2405 |   5 |  809.2 |
               +--------+--------+--------+--------+--------+-----+--------+

Top non-repeatable levels by time:
     D:1: 1036 daAuts
     D:3: 1008 daAuts
     D:2: 905 daAuts
     D:4: 890 daAuts
     D:5: 205 daAuts
